 Dungeon Crawl Stone Soup version 0.24-a0-725-gf1a930fc54 (webtiles) character file.

Game seed: 13930538850096357139, levelgen mode: deterministic

1879 Kohma the Cleaver (level 9, -3/70 HPs)
             Began as a Hill Orc Abyssal Knight on Oct 1, 2019.
             Was an Elder of Lugonu.
             Slain by a gnoll sergeant
             ... wielding a +2 spear of venom
              (7 damage)
             ... on level 6 of the Dungeon.
             The game lasted 00:19:21 (8716 turns).

Kohma the Cleaver (Hill Orc Abyssal Knight)         Turns: 8716, Time: 00:19:22

Health: -3/70      AC:  7    Str: 18    XL:     9   Next: 14%
Magic:  14/15      EV: 10    Int: 12    God:    Lugonu [****..]
Gold:   271        SH:  0    Dex: 10    Spells: 8/8 levels left

rFire    . . .     SeeInvis .   a - +3 flail (crush)
rCold    . . .     Gourm    .   (no shield)
rNeg     . . .     Faith    .   h - +1 ring mail
rPois    .         Spirit   .   (no helmet)
rElec    .         Reflect  .   i - +0 cloak
rCorr    .         Harm     .   (no gloves)
MR       .....                  (no boots)
Stlth    ..........             (no amulet)
HPRegen  0.21/turn              u - ring of wizardry
MPRegen  0.14/turn              (no ring)

@: lethally poisoned (-3 -> -30)
A: no striking features
a: Depart the Abyss, Bend Space, Banish, Corrupt, Renounce Religion


You were on level 6 of the Dungeon.
You worshipped Lugonu.
Lugonu was greatly pleased with you.
You were not hungry.

You visited 1 branch of the dungeon, and saw 6 of its levels.
You visited the Abyss 1 time.

You collected 271 gold pieces.

Inventory:

Hand Weapons
 a - a +3 flail of crushing (weapon)
 b - a +1 hunting sling
 j - a +2 whip of flaming
 y - a +1 hand axe
Missiles
 d - 162 stones
 e - 93 sling bullets
 m - 17 poisoned darts (quivered)
 A - 6 boomerangs
Armour
 h - a +1 ring mail (worn)
 i - a +0 cloak (worn)
 B - a +0 helmet
Jewellery
 u - a ring of wizardry (left hand)
Wands
 x - a wand of polymorph (1)
Scrolls
 g - a scroll of summoning {unknown}
 k - a scroll of immolation
 n - 8 scrolls of remove curse
 o - a scroll of enchant weapon
 p - a scroll of magic mapping
 r - a scroll of enchant armour
 t - 2 scrolls of blinking
 w - 3 scrolls of noise {unknown}
 C - a scroll of amnesia {unknown}
Potions
 f - 2 potions of mutation
 l - a potion of flight {unknown}
 q - 2 potions of magic
 s - a potion of curing {unknown}
 v - a potion of resistance {unknown}
 z - a potion of invisibility {unknown}
Comestibles
 c - 12 rations


   Skills:
 - Level 3.6 Fighting
 * Level 12.3 Axes
 - Level 2.1 Armour
 - Level 0.7 Dodging
 + Level 9.0 Invocations


You had 8 spell levels left.
You didn't know any spells.
Your spell library contained the following spells:

 Spells                   Type           Power        Failure   Level  Hunger
 Shock                    Conj/Air       #...         22%         1    ##.....
 Swiftness                Chrm/Air       #.......     32%         2    ###....
 Static Discharge         Conj/Air       #.......     52%         3    ####...
 Airstrike                Air            #.........   89%         4    #####..
 Lightning Bolt           Conj/Air       #.........   99%         5    ######.


Dungeon Overview and Level Annotations

Branches:
Dungeon (6/15)
 Temple: D:4-7

Altars:
Cheibriados
Makhleb
The Shining One


Message History

The gnoll sergeant hits you with a +2 spear of venom!
* * * LOW HITPOINT WARNING * * *
The gnoll sergeant blocks your attack.
The gnoll sergeant is moderately wounded.
* * * LOW HITPOINT WARNING * * *
You feel sick.
The gnoll sergeant hits you but does no damage.
You are more poisoned.
You hit the gnoll sergeant but do no damage.
The gnoll sergeant is moderately wounded.
* * * LOW HITPOINT WARNING * * *
You feel very sick.
The gnoll sergeant looks more healthy.
The gnoll sergeant hits you with a +2 spear of venom!
* * * LOW HITPOINT WARNING * * *
Space bends around you!
You blink.
* * * LOW HITPOINT WARNING * * *
You feel very sick.
The gnoll sergeant hits you from afar with a +2 spear of venom!
You die...

#.. ..# #.. ..#
##..#### ##. #.#
#.......##.. #.#
...$.. ....# #.#
.....# #...#
#ยง# .....#
#...##g##
###..##
#..$.ggo# ##..##
##...(@##
#....######..###
#...g...####(#
#..####...g.)##
#.. ###....#
...# ###..# ##.
#..## ##
####...#### ##
####....#....#


You could see a gnoll sergeant, 2 gnolls and an orc.

Vanquished Creatures
  Prince Ribbit (D:5)
  Eustachio (D:5)
  A water moccasin (D:5)
  2 sky beasts
  A phantom (D:5)
  2 centaurs
  A bullfrog (D:6)
  2 scorpions
  2 crimson imps (D:6)
  A hound (D:6)
  6 orc wizards (D:5)
  4 orc priests
  A gnoll shaman (D:6)
  Terence (D:3)
  3 iguanas
  A worker ant (D:5)
  A killer bee zombie (D:6)
  6 adders
  11 gnolls
  2 shadow imps
  3 worms
  3 dart slugs
  5 leopard geckos
  12 orcs
  A ball python (D:3)
  6 bats
  2 giant cockroaches
  5 goblins
  5 hobgoblins
  12 jackals
  A quokka (D:5)
  11 frilled lizards
  11 kobolds
  16 rats
143 creatures vanquished.

Notes
Turn   | Place    | Note
-------+----------+-------------------------------------------
     0 | Abyss:1  | Kohma the Hill Orc Abyssal Knight began the quest for the
                  | Orb.
     0 | Abyss:1  | Reached XP level 1. HP: 19/19 MP: 2/2
    42 | Abyss:1  | Noticed a shadow
    42 | Abyss:1  | Noticed an ancient zyme
    43 | Abyss:1  | Noticed a small abomination
    49 | Abyss:1  | Found a corrupted altar of Lugonu.
    60 | D:1      | Escaped the Abyss
   230 | D:1      | Reached skill level 3 in Axes
   236 | D:1      | Reached * piety under Lugonu
   248 | D:1      | Reached XP level 2. HP: 22/26 MP: 4/4
   450 | D:1      | HP: 1/26 [gnoll/+0 spear (9)]
   831 | D:1      | Reached skill level 4 in Axes
   831 | D:1      | Reached XP level 3. HP: 27/31 MP: 5/5
  1863 | D:2      | Reached XP level 4. HP: 24/39 MP: 6/6
  1994 | D:2      | Reached skill level 5 in Axes
  2249 | D:2      | Found a faded altar of an unknown god.
  2385 | D:2      | Reached ** piety under Lugonu
  3346 | D:3      | Reached XP level 5. HP: 45/45 MP: 8/8
  3351 | D:3      | Reached skill level 6 in Axes
  3422 | D:3      | Noticed Terence
  3448 | D:3      | Killed Terence
  4359 | D:4      | Noticed a centaur
  4776 | D:4      | Reached XP level 6. HP: 46/51 MP: 9/9
  4813 | D:4      | Reached skill level 7 in Axes
  4813 | D:4      | Reached skill level 5 in Invocations
  5067 | D:5      | Entered Level 5 of the Dungeon
  5143 | D:5      | Noticed a phantom
  5155 | D:5      | Killed a phantom
  5166 | D:5      | Reached *** piety under Lugonu
  5338 | D:5      | Noticed a water moccasin
  5348 | D:5      | HP: 2/51 [water moccasin (6)]
  5357 | D:5      | Killed a water moccasin
  5357 | D:5      | Reached skill level 8 in Axes
  5357 | D:5      | Reached XP level 7. HP: 26/57 MP: 11/11
  5385 | D:5      | HP: 4/85 [poisoned by a water moccasin]
  5391 | D:5      | HP: 4/85 [poisoned by a water moccasin]
  5399 | D:5      | HP: 4/85 [poisoned by a water moccasin]
  6002 | D:5      | Reached skill level 9 in Axes
  6049 | D:5      | Noticed Eustachio
  6244 | D:5      | Killed Eustachio
  6244 | D:5      | Reached XP level 8. HP: 20/64 MP: 13/13
  6472 | D:5      | Reached skill level 10 in Axes
  6660 | D:5      | Noticed Prince Ribbit
  6674 | D:5      | HP: 3/64 [Prince Ribbit (5)]
  6683 | D:5      | Killed Prince Ribbit
  6683 | D:5      | Reached skill level 11 in Axes
  8141 | D:6      | Found a glowing golden altar of the Shining One.
  8141 | D:6      | Found a burning altar of Makhleb.
  8148 | D:6      | Found a snail-covered altar of Cheibriados.
  8150 | D:6      | Found a faded altar of an unknown god.
  8152 | D:6      | Found a faded altar of an unknown god.
  8200 | D:6      | Reached XP level 9. HP: 62/70 MP: 15/15
  8242 | D:6      | Reached skill level 12 in Axes
  8344 | D:6      | Reached **** piety under Lugonu
  8716 | D:6      | Slain by a gnoll sergeant

Levels and vault maps discovered:
D:1:      erik_arrival_orb_chamber, layout_basic
D:2:      layout_loops_ring, chequers_ecumenical_altar_simple
D:3:      layout_basic, uniq_terence
D:4:      layout_loops_corners, serial_rivers, chequers_serial_rivers_micro_b,
          chequers_serial_rivers_micro_e, chequers_serial_rivers_room_a,
          chequers_serial_rivers_small_a, chequers_serial_rivers_micro_c,
          minmay_misc_feat_tiny, lightli_corner_chamber
D:5:      layout_loops_ring, first_ration, uniq_prince_ribbit1, uniq_eustachio
D:6:      layout_layer_cave, chequers_temple_overflow_minitemple,
          temple_doors_ab, dk_noncrumbling_4

Skill      XL: |  1  2  3  4  5  6  7  8  9 |
---------------+----------------------------+-----
Axes           | 3 4 5 6 8 9 11 12 | 12.3
Invocations    | 3 4 6 7 8 9 |  9.0
Fighting       | |  3.6
Armour         | |  2.1
Dodging        | |  0.7

Action                   |  1- 3 |  4- 6 |  7- 9 || total
-------------------------+-------+-------+-------++-------
Melee: Hand axe          |    87 |       |       ||    87
       Whip              |    21 |   128 |       ||   149
       Flail             |       |    85 |   215 ||   300
       Unarmed           |       |       |     1 ||     1
Throw: Dart              |     7 |    27 |     8 ||    42
Invok: Depart the Abyss  |     1 |       |       ||     1
       Bend Space        |       |       |     1 ||     1
  Use: Scroll            |       |    11 |       ||    11
       Potion            |       |     2 |     4 ||     6
  Eat: Chunk             |     3 |    11 |     4 ||    18
       Ration            |       |       |     2 ||     2
Armor: Leather armour    |    10 |       |       ||    10
       Ring mail         |    34 |    78 |    89 ||   201
       Skin              |       |       |    30 ||    30
Dodge: Dodged            |    68 |   112 |   115 ||   295

Table legend:
 A = Non-vault XP
 B = Vault XP
 C = Vault XP percentage of total XP
 D = Non-vault monster count
 E = Vault monster count
 F = Vault count percentage of total count
                 A         B        C        D         E       F
            +---------+---------+-------+---------+---------+-------
      Total |    2158 |     527 |  19.6 |     128 |      15 |  10.5
            +---------+---------+-------+---------+---------+-------
        D:1 |      67 |      12 |  15.2 |      29 |      12 |  29.3
        D:2 |      51 |       0 |   0.0 |      14 |       0 |   0.0
        D:3 |      88 |      36 |  29.0 |      23 |       1 |   4.2
        D:4 |     133 |       0 |   0.0 |      11 |       0 |   0.0
        D:5 |    1067 |     479 |  31.0 |      30 |       2 |   6.2
        D:6 |     752 |       0 |   0.0 |      21 |       0 |   0.0
            +---------+---------+-------+---------+---------+-------
